 Dungeon Crawl Stone Soup version 0.24-a0-201-gf2055891f0 (webtiles) character file.

Game seed: 15701228759178017095

286 MrRokkomies the Skirmisher (level 6, -1/67 HPs)
             Began as an Ogre Hunter on Mar 20, 2019.
             Was an Initiate of Gozag.
             Killed from afar by Dowan (27 damage)
             ... with a shard of ice
             ... on level 4 of the Dungeon.
             The game lasted 00:09:27 (3484 turns).

MrRokkomies the Skirmisher (Ogre Hunter)            Turns: 3484, Time: 00:09:28

Health: -1/67      AC:  3    Str: 17    XL:     6   Next: 30%
Magic:  6/6        EV: 10    Int: 12    God:    Gozag
Gold:   248        SH:  0    Dex: 11    Spells: 5/5 levels left

rFire    . . .     SeeInvis .   a - +1 mace
rCold    . . .     Gourm    .   (no shield)
rNeg     . . .     Faith    .   b - +0 robe
rPois    .         Spirit   .   (helmet restricted)
rElec    .         Reflect  .   (no cloak)
rCorr    .         Harm     .   (gloves unavailable)
MR       .....                  (boots unavailable)
Stlth    +.........             (no amulet)
HPRegen  0.21/turn              n - ring of wizardry
MPRegen  0.10/turn              (no ring)

@: no status effects
A: large, unfitting armour, tough skin 1
a: Potion Petition, Call Merchant, Bribe Branch, Renounce Religion


You were on level 4 of the Dungeon.
You worshipped Gozag.
Gozag was aware of your devotion.
You were hungry.

You visited 1 branch of the dungeon, and saw 4 of its levels.

You collected 309 gold pieces.
You paid 61 gold pieces to Gozag.

Inventory:

Hand Weapons
 a - a +1 mace (weapon)
 g - a +0 short sword
Missiles
 e - 173 stones (quivered)
 l - 42 poisoned needles
Armour
 b - a +0 robe (worn)
Jewellery
 n - a ring of wizardry (left hand)
Wands
 p - a wand of clouds (7)
Scrolls
 h - 5 scrolls of identify
 i - a scroll of teleportation
 j - 2 scrolls of enchant weapon
 k - a scroll of remove curse
 m - 2 scrolls of magic mapping
 r - a scroll of fear {unknown}
Potions
 o - 2 potions of curing
Comestibles
 f - 5 rations


   Skills:
 * Level 6.3 Fighting
 * Level 5.9 Throwing
 - Level 1.7 Dodging
 - Level 0.6 Stealth


You had 5 spell levels left.
You didn't know any spells.
Your spell library was empty.

Dungeon Overview and Level Annotations

Branches:
Dungeon (4/15)             Temple (0/1) D:4

Altars:
Cheibriados
Elyvilon
Gozag
Okawaru
Trog

Annotations:
D:4 Dowan


Innate Abilities, Weirdness & Mutations

You are too large for most types of armour.
You have tough skin. (AC +1)


Message History

Dowan gestures wildly while chanting.
Dowan blinks!
Fire/throw which item? (* to show all) (? for menu, Esc to quit)
Throwing (i - inventory. (/) - cycle)
e - 174 stones (quivered)
Press: ? - help, Shift-Dir - straight line, f/p - Dowan
Aim: Dowan, wielding a +0 dagger and wearing a +0 robe (severely wounded, fast)
You throw a javelin. The javelin barely misses Dowan.
Dowan points at you and mumbles some strange words.
The stone arrow hits you.
Fire/throw which item? (* to show all) (? for menu, Esc to quit)
Okay, then.
Unknown command.
Throwing (i - inventory)
e - 174 stones (quivered)
Press: ? - help, Shift-Dir - straight line, f/p - Dowan
Aim: Dowan, wielding a +0 dagger and wearing a +0 robe (severely wounded, fast)
You throw a stone. The stone closely misses Dowan.
Dowan casts a spell at you. The shard of ice hits you!!
You die...
Your body crumbles into a pile of gold.

#..# ##..........## #..........
..## ##...#.......#####(.........
######....##......#.#............
# #......#####+###..............
####.....##.#.....#..............
.........#..#.###$#.....##.......
###...#.....+.#>#.'......#..#....
#######...#.#'#(#......#..####.
###...#...@.#.ยง.......####.
#.....###'###...####....##.
#....>..e.....e.## ........
#................##........
##.........................
##.<......<...............
##........................
#.(.......................
#....#....................


You could see Dowan.

Vanquished Creatures
  Duvessa (D:4)
  Ijyb (D:3)
  2 worker ants (D:4)
  A gnoll (D:1)
  4 adders
  An ooze (D:2)
  3 worms (D:2)
  2 dart slugs
  7 bats
  3 giant cockroaches
  7 goblins
  3 hobgoblins (D:1)
  7 kobolds
  2 quokkas
  2 ball pythons (D:2)
  A frilled lizard (D:1)
  5 rats
52 creatures vanquished.

Notes
Turn   | Place    | Note
-------+----------+-------------------------------------------
     0 | D:1      | MrRokkomies the Ogre Hunter began the quest for the Orb.
     0 | D:1      | Reached XP level 1. HP: 22/22 MP: 1/1
   297 | D:1      | Reached skill level 3 in Fighting
   333 | D:1      | Reached XP level 2. HP: 20/31 MP: 2/2
   783 | D:1      | Reached XP level 3. HP: 37/39 MP: 3/3
  1088 | D:2      | Reached skill level 4 in Fighting
  1270 | D:2      | Found a bloodstained altar of Trog.
  1568 | D:2      | Reached XP level 4. HP: 42/49 MP: 4/4
  2000 | D:3      | Reached skill level 5 in Throwing
  2106 | D:3      | Found an opulent altar of Gozag.
  2132 | D:3      | Became a worshipper of Gozag Ym Sagoz the Greedy
  2235 | D:3      | Found an iron altar of Okawaru.
  2236 | D:3      | Found a white marble altar of Elyvilon.
  2298 | D:3      | Noticed Ijyb
  2308 | D:3      | Killed Ijyb
  2308 | D:3      | Reached skill level 5 in Fighting
  2308 | D:3      | Reached XP level 5. HP: 15/57 MP: 5/5
  3103 | D:4      | Found a snail-covered altar of Cheibriados.
  3452 | D:4      | Noticed Duvessa
  3454 | D:4      | Noticed Dowan
  3460 | D:4      | Found a staircase to the Ecumenical Temple.
  3468 | D:4      | Killed Duvessa
  3468 | D:4      | Reached skill level 6 in Fighting
  3468 | D:4      | Reached XP level 6. HP: 29/67 MP: 6/6
  3484 | D:4      | Killed from afar by Dowan

Levels and vault maps discovered:
D:1:      dpeg_arrival_morbid_curiosity, layout_basic,
          minmay_misc_feat_diagonals
D:2:      layout_loops_ring, bloody_trog
D:3:      layout_loops_corners, nicolae_overflow_hidden_temple,
          nicolae_gozag_seed_capital,
          chequers_temple_overflow_statue_of_worship, uniq_ijyb
D:4:      cheibrodos_quashed, layout_cave_pools, kennysheep_slug_shrine,
          minmay_temple_entry_glassed_door, first_ration, uniq_duvessa

Skill      XL: |  1  2  3  4  5 |
---------------+----------------+-----
Fighting       | 3 4 5 6 |  6.3
Throwing       | 5 |  5.9
Dodging        | |  1.7
Stealth        | |  0.6

Action                   |  1- 3 |  4- 6 || total
-------------------------+-------+-------++-------
Melee: Short sword       |    12 |       ||    12
       Mace              |    78 |    84 ||   162
Throw: Stone             |    19 |    12 ||    31
       Large rock        |     3 |    12 ||    15
       Javelin           |       |     5 ||     5
       Throwing net      |       |     2 ||     2
  Use: Scroll            |     6 |     3 ||     9
 Stab: Sleeping          |     1 |       ||     1
  Eat: Chunk             |     1 |     3 ||     4
       Ration            |       |     1 ||     1
Armor: Robe              |    28 |    27 ||    55
Dodge: Dodged            |    68 |    67 ||   135

Table legend:
 A = Non-vault XP
 B = Vault XP
 C = Vault XP percentage of total XP
 D = Non-vault monster count
 E = Vault monster count
 F = Vault count percentage of total count
                 A         B        C        D         E       F
            +---------+---------+-------+---------+---------+-------
      Total |     210 |     199 |  48.7 |      44 |       8 |  15.4
            +---------+---------+-------+---------+---------+-------
        D:1 |      31 |      10 |  24.4 |      12 |       5 |  29.4
        D:2 |      79 |       0 |   0.0 |      16 |       0 |   0.0
        D:3 |      30 |      36 |  54.5 |      12 |       1 |   7.7
        D:4 |      70 |     153 |  68.6 |       4 |       2 |  33.3
            +---------+---------+-------+---------+---------+-------
